 Dungeon Crawl Stone Soup version 0.23.0-3-gf3c87f2 (webtiles) character file.

Game seed: 13970301159573598643

22387 Faca the Archer (level 12, -7/113 HPs)
             Began as a Centaur Hunter on Feb 20, 2019.
             Was the Champion of Okawaru.
             Engulfed by an ice statue's freezing vapour (12 damage)
             ... in an ice cave.
             The game lasted 00:53:17 (18005 turns).

Faca the Archer (Centaur Hunter)                   Turns: 18005, Time: 00:53:17

Health: -7/113     AC:  8    Str: 19    XL:     12   Next: 62%
Magic:  11/12      EV:  9    Int: 10    God:    Okawaru [******]
Gold:   923        SH:  0    Dex: 11    Spells: 11/11 levels left

rFire    . . .     SeeInvis .   w - +3 spear (elec)
rCold    . . .     Gourm    .   (no shield)
rNeg     + . .     Faith    .   E - +2 ring mail
rPois    .         Spirit   .   G - +0 helmet
rElec    .         Reflect  .   (no cloak)
rCorr    +         Harm     .   (no gloves)
MR       .....                  (no barding)
Stlth    ..........             h - amulet of regeneration
HPRegen  0.68/turn              g - ring of positive energy
MPRegen  0.13/turn              I - ring of resist corrosion

@: studying Fire Magic, very quick
A: large, hooves 3, deformed body, speed 2, tough skin 3
a: Heroism, Finesse, Renounce Religion


You were in an ice cave.
You worshipped Okawaru.
Okawaru was exalted by your worship.
You were not hungry.

You visited 2 branches of the dungeon, and saw 14 of its levels.
You also visited: Ice Cave.

You collected 923 gold pieces.

Inventory:

Hand Weapons
 a - a +1 shortbow
 n - a +2 halberd of venom
 w - a +3 spear of electrocution (weapon)
 M - a +4 trident
Missiles
 d - 315 arrows
 H - 2 throwing nets (quivered)
Armour
 E - a +2 ring mail (worn)
 G - a +0 helmet (worn)
Jewellery
 g - a ring of positive energy (left hand)
 h - an amulet of regeneration (around neck)
 x - an uncursed ring of flight
 I - a ring of resist corrosion (right hand)
Wands
 b - a wand of flame (52)
 z - a wand of digging (4)
 F - a wand of iceblast (7)
Scrolls
 c - a scroll of silence
 e - 3 scrolls of immolation
 m - 2 scrolls of teleportation
 o - 2 scrolls of enchant armour
 q - 3 scrolls of remove curse
 v - a scroll of enchant weapon
 y - 2 scrolls of identify
 A - 5 scrolls of magic mapping
 C - a scroll of fog
 J - a scroll of acquirement {unknown}
Potions
 i - 3 potions of haste
 j - a potion of ambrosia
 k - a potion of brilliance
 l - a potion of flight
 r - a potion of lignification
 s - a potion of resistance
 t - 3 potions of agility
 u - a potion of cancellation
 B - a potion of mutation
Books
 N - a manual of Fire Magic
Comestibles
 f - 34 rations
 p - 13 chunks of flesh


   Skills:
 + Level 12.8 Fighting
 + Level 12.1 Polearms
 + Level 14.0 Bows
 - Level 1.3 Dodging
 - Level 0.4 Stealth


You had 11 spell levels left.
You didn't know any spells.
Your spell library contained the following spells:

 Spells                   Type           Power        Failure   Level  Hunger
 Beastly Appendage        Tmut           #.....       54%         1    ##.....
 Magic Dart               Conj           #...         54%         1    ##.....
 Blink                    Tloc           N/A          69%         2    ###....
 Call Imp                 Summ           #.......     69%         2    ###....
 Slow                     Hex            #.......     69%         2    ###....
 Sticks to Snakes         Tmut           #.......     69%         2    ###....
 Conjure Flame            Conj/Fire      #.......     89%         3    ####...
 Mephitic Cloud           Conj/Pois/Air  #.......     89%         3    ####...
 Spider Form              Tmut/Pois      #.........   89%         3    ####...
 Ice Form                 Ice/Tmut       #.......     100%        4    #####..
 Blade Hands              Tmut           #.........   100%        5    ######.


Dungeon Overview and Level Annotations

Branches:
Dungeon (11/15)            Temple (0/1) D:6            Lair (3/6) D:9
    Orc (0/2) D:9
  Swamp: Lair:2-4    Shoals: Lair:2-4     Snake: Lair:2-4    Spider: Lair:2-4

Altars:
Ashenzari
Cheibriados
Elyvilon
Fedhas
Hepliaklqana
Kikubaaqudgha
Okawaru
Ru
Sif Muna
Trog
Uskayaw
Vehumet
Wu Jian
Xom
Zin

Shops:
D:6 !

Annotations:
D:11 Fannar IceCv exclusion: ice statue


Innate Abilities, Weirdness & Mutations

You have hooves in place of feet.
Armour fits poorly on your strangely shaped body.
You cover ground very quickly.
You have extremely tough skin. (AC +3)


Message History

You kick the ice statue, but do no damage.
The ice statue is almost destroyed.
You are engulfed in freezing vapours.
* * * LOW HITPOINT WARNING * * *
The ice beast hits you.
* * * LOW HITPOINT WARNING * * *
The ice beast freezes you!
* * * LOW HITPOINT WARNING * * *
Unknown command.
You hit the ice statue but do no damage.
You kick the ice statue.
The ice statue is almost destroyed.
You are engulfed in freezing vapours.
* * * LOW HITPOINT WARNING * * *
Unknown command.
You hit the ice statue but do no damage.
You kick the ice statue, but do no damage.
The ice statue is almost destroyed.
You are engulfed in freezing vapours.
You die...

## ##.#
#..#
##.○##
#☼8°.##
##@Y†..#
#°°○#..#
##.☼##
.# #..##
#.##
#.##
##.#
##.#
#..#


You could see an ice statue and an ice beast.

Vanquished Creatures
  2 hydras
  A two-headed ogre (D:6)
  The ghost of mcgumbo16 the Fighter, a novice GrFi of Ashenzari (D:6)
  An elephant (Lair:3)
  5 spiny frogs
  A gargoyle (D:10)
  3 komodo dragons
  2 rime drakes
  2 trolls (D:10)
  A queen bee (Lair:2)
  2 ice devils (Lair:3)
  3 slime creatures (D:9)
  7 polar bears (IceCv)
  3 hippogriffs
  A wyvern (Lair:1)
  A wraith (D:9)
  2 basilisks
  30 yaks
  A warg (D:9)
  4 water moccasins
  2 orc warriors
  2 porcupines
  3 sky beasts
  3 ice beasts
  2 phantoms
  A black bear (D:10)
  7 centaurs
  9 ogres
  11 wolves (IceCv)
  A big kobold (D:9)
  5 crocodiles
  2 gnoll sergeants (D:6)
  13 bullfrogs
  21 killer bees (Lair:2)
  8 wights
  2 howler monkeys
  6 crimson imps
  A bullfrog zombie (D:8)
  A quasit (D:9)
  5 hounds
  4 jellies
  A bullfrog skeleton (D:11)
  5 orc priests
  A centaur skeleton (D:5)
  A gnoll shaman (D:6)
  An iguana (D:8)
  8 orc wizards
  5 worker ants
  A worker ant zombie (D:5)
  16 gnolls
  A howler monkey skeleton (D:4)
  12 adders
  A shadow imp (D:10)
  2 adder skeletons
  A worm (D:3)
  A dart slug (D:2)
  7 leopard geckos
  28 orcs
  5 giant cockroaches
  5 goblins
  7 hobgoblins
  9 jackals
  2 quokkas
  4 ball pythons
  7 bats
  7 frilled lizards
  8 kobolds
  2 quokka zombies
  5 rats
335 creatures vanquished.

Vanquished Creatures (others)
  2 orc wizards (D:9)
  2 fungi
  10 plants
14 creatures vanquished.

Grand Total: 349 creatures vanquished

Notes
Turn   | Place    | Note
-------+----------+-------------------------------------------
     0 | D:1      | Faca the Centaur Hunter began the quest for the Orb.
     0 | D:1      | Reached XP level 1. HP: 17/17 MP: 1/1
   313 | D:1      | Reached XP level 2. HP: 24/25 MP: 2/2
   911 | D:2      | Reached XP level 3. HP: 13/31 MP: 3/3
  2292 | D:3      | Reached XP level 4. HP: 36/41 MP: 4/4
  2539 | D:2      | Reached skill level 1 in Polearms
  2889 | D:3      | Found an iron altar of Okawaru.
  2930 | D:3      | Became a worshipper of Warmaster Okawaru
  3076 | D:3      | Found an ancient bone altar of Kikubaaqudgha.
  3080 | D:3      | Found a shattered altar of Ashenzari.
  3082 | D:3      | Found a hazy altar of Hepliaklqana.
  3082 | D:3      | Found a glowing silver altar of Zin.
  3083 | D:3      | Found a radiant altar of Vehumet.
  3083 | D:3      | Found a shimmering altar of Xom.
  3085 | D:3      | Found a white marble altar of Elyvilon.
  3090 | D:3      | Found a bloodstained altar of Trog.
  3427 | D:4      | Found an ornate altar of the Wu Jian Council.
  3468 | D:4      | Reached XP level 5. HP: 36/47 MP: 5/5
  4375 | D:4      | Noticed an ogre
  4436 | D:4      | Killed an ogre
  4436 | D:4      | Reached XP level 6. HP: 26/53 MP: 6/6
  5009 | D:5      | Entered Level 5 of the Dungeon
  5142 | D:5      | Found a sacrificial altar of Ru.
  5250 | D:5      | Reached * piety under Okawaru
  5534 | D:5      | Reached skill level 5 in Polearms
  5865 | D:5      | Found a snail-covered altar of Cheibriados.
  5866 | D:5      | Found a hide-covered altar of Uskayaw.
  5892 | D:5      | Found a blossoming altar of Fedhas.
  5937 | D:5      | Reached skill level 5 in Fighting
  5937 | D:5      | Reached XP level 7. HP: 25/61 MP: 7/7
  6038 | D:6      | Identified the +1 shield of the Fiddle {rPois Regen+}
  6269 | D:6      | Reached ** piety under Okawaru
  6297 | D:6      | Noticed mcgumbo16's ghost (novice GrFi)
  6310 | D:6      | Found a transporter.
  6311 | D:6      | Found a transporter.
  6428 | D:6      | Noticed a two-headed ogre
  6604 | D:6      | Killed a two-headed ogre
  6604 | D:6      | Reached XP level 8. HP: 68/73 MP: 8/8
  6889 | D:5      | Reached *** piety under Okawaru
  7038 | D:6      | Found a staircase to the Ecumenical Temple.
  7104 | D:6      | Found Dimnifeeny's Distillery.
  7344 | D:7      | Reached XP level 9. HP: 77/81 MP: 9/9
  7730 | D:7      | Reached skill level 6 in Bows
  7964 | D:7      | Reached **** piety under Okawaru
  8526 | D:8      | Received a gift from Okawaru
  8526 | D:8      | Reached skill level 7 in Bows
  9247 | D:9      | Found a staircase to the Orcish Mines.
  9332 | D:9      | Reached skill level 8 in Bows
  9438 | D:9      | Found a deep blue altar of Sif Muna.
  9606 | D:9      | Reached XP level 10. HP: 67/91 MP: 10/10
  9823 | D:9      | Found a staircase to the Lair.
  9973 | D:9      | Reached ***** piety under Okawaru
  9973 | D:9      | Received a gift from Okawaru
 10190 | D:10     | Entered Level 10 of the Dungeon
 10621 | D:9      | Received a gift from Okawaru
 10670 | D:9      | Reached skill level 9 in Bows
 10930 | D:10     | Reached skill level 10 in Fighting
 11584 | D:10     | Received a gift from Okawaru
 11584 | D:10     | Reached skill level 10 in Bows
 11635 | D:10     | Noticed a gargoyle
 11651 | D:10     | Killed a gargoyle
 11927 | D:10     | Reached skill level 10 in Polearms
 12593 | D:11     | Reached XP level 11. HP: 68/101 MP: 11/11
 12830 | D:11     | Noticed Fannar
 13053 | D:6      | Received a gift from Okawaru
 13126 | D:6      | Reached skill level 11 in Bows
 13193 | D:6      | Killed mcgumbo16's ghost
 13401 | Lair:1   | Entered Level 1 of the Lair of Beasts
 13414 | Lair:1   | Received a gift from Okawaru
 13572 | Lair:1   | Noticed a seven-headed hydra
 13602 | Lair:1   | Killed a seven-headed hydra
 14518 | Lair:2   | Received a gift from Okawaru
 14524 | Lair:2   | Reached skill level 12 in Bows
 15262 | Lair:2   | Noticed a four-headed hydra
 15266 | Lair:2   | Found a hazy altar of Hepliaklqana.
 15292 | Lair:2   | Killed a four-headed hydra
 15304 | Lair:2   | Found a white marble altar of Elyvilon.
 15547 | Lair:2   | Reached XP level 12. HP: 112/112 MP: 12/12
 15750 | Lair:1   | HP: 8/168 [poisoned by a killer bee]
 15755 | Lair:1   | HP: 6/168 [poisoned by a killer bee]
 15760 | Lair:1   | HP: 5/168 [poisoned by a killer bee]
 15765 | Lair:1   | HP: 6/168 [poisoned by a killer bee]
 15772 | Lair:1   | HP: 8/168 [poisoned by a killer bee]
 16567 | Lair:2   | Reached skill level 13 in Bows
 16717 | Lair:3   | Reached ****** piety under Okawaru
 16723 | Lair:3   | Received a gift from Okawaru
 16782 | Lair:3   | Noticed a five-headed hydra
 17037 | Lair:3   | Found a frozen archway.
 17158 | IceCv    | Entered an ice cave
 17329 | IceCv    | Received a gift from Okawaru
 17868 | IceCv    | Reached skill level 14 in Bows
 18004 | IceCv    | HP: 4/113 [ice statue] (9)]
 18005 | IceCv    | Engulfed by an ice statue's freezing vapour

Skill      XL: |  1  2  3  4  5  6  7  8  9 10 11 12 |
---------------+-------------------------------------+-----
Fighting       | 3 4 5 7 8 9 10 12 | 12.8
Polearms       | 2 3 5 7 9 10 11 12 | 12.1
Bows           | 8 10 12 14 | 14.0
Dodging        | |  1.3
Stealth        | |  0.4

Action                   |  1- 3 |  4- 6 |  7- 9 | 10-12 || total
-------------------------+-------+-------+-------+-------++-------
Melee: Short sword       |   124 |       |       |       ||   124
       Kick              |    16 |    36 |    71 |   220 ||   343
       Spear             |    12 |    48 |       |   507 ||   567
       Trident           |       |   157 |   429 |   578 ||  1164
Invok: Heroism           |       |       |     1 |     3 ||     4
Evoke: Wand              |       |       |     3 |     1 ||     4
  Use: Scroll            |     2 |     7 |     9 |    13 ||    31
       Potion            |     1 |       |       |     3 ||     4
 Stab: Paralysed         |       |     1 |       |       ||     1
  Eat: Chunk             |     3 |     3 |     7 |    14 ||    27
       Ration            |       |     2 |     1 |     3 ||     6
Armor: Leather armour    |    60 |    60 |    27 |    69 ||   216
       Ring mail         |       |       |    53 |   134 ||   187
Dodge: Dodged            |    75 |    81 |    93 |   299 ||   548
